 Dungeon Crawl Stone Soup version 0.31.0-9-g3a7656b989 (webtiles) character file.

Game seed: 6383651633403933441

11 ProzacElf the Sneak (level 2, -2/24 HPs)
             Began as a Formicid Delver on Jan 24, 2024.
             Shot with an arrow by a centaur (7 damage)
             ... on level 4 of the Dungeon.
             The game lasted 00:01:31 (219 turns).

ProzacElf the Sneak (Formicid Delver)                Turns: 219, Time: 00:01:32

Health: -2/24      AC:  3    Str: 16    XL:     2   Next: 35%
Magic:  2/2        EV: 12    Int:  9    God:
Gold:   14         SH:  0    Dex: 15    Spells: 1/1 levels left

rFire   . . .        a - +0 mace
rCold   . . .        (no shield)
rNeg    . . .        b - +0 leather armour
rPois   .            (helmet unavailable)
rElec   .            (no cloak)
rCorr   .            (no gloves)
SInv    +            (no boots)
Will    .....        (no amulet)
Stlth   +++          (no ring)
HPRegen 0.24/turn    (no ring)
MPRegen 0.08/turn

%: no passive effects
@: no status effects
A: permanent stasis, dig shafts and tunnels, antennae 3, four strong arms
a: Dig, Shaft Self


You were on level 4 of the Dungeon.
You visited 1 branch of the dungeon, and saw 2 of its levels.

You collected 14 gold pieces.

Inventory:

Hand Weapons
 a - a +0 mace (weapon)
Armour
 b - a +0 leather armour (worn)
Wands
 f - a wand of digging (3)
Scrolls
 c - a scroll of fog
Potions
 g - a potion of mutation {unknown}


   Skills:
 - Level 3.2 Fighting
 + Level 2.4 Maces & Flails
 + Level 2.2 Dodging
 - Level 6.0 Stealth


You had one spell level left.
You didn't know any spells.
Your spell library was empty.

Dungeon Overview and Level Annotations

Branches:
Dungeon (5/15)
 Temple: D:4-7

Altars:

Shops:
D:4 [


Innate Abilities, Weirdness & Mutations

You cannot be hasted, slowed, berserked, paralysed or teleported.
You can dig through walls and to a lower floor.
You have a pair of large antennae on your head. (SInv)
Your four strong arms can wield two-handed weapons with a shield.


Message History

Ye assume a fearsome visage.
Tha ball python looks frighten'd!
Tha gnoll looks frighten'd! x2; Tha orc looks frighten'd! x2
Tha orc shouts!
Ye hear an angry hiss.
An adder comes inta view.
An orc an' an iguana come inta view.
Tha orc begs, "Please!
I haf a lot o' childr'n!"
Tha iguana moves outta view.
Tha adder hisses angrily.
Found a scroll labelled COBRID YN RUXA.
Tha iguana hisses angrily.
Tha adder bites ye but does nay damage.
Tha orc hits ye wit' a +0 whip.
Tha adder closely misses ye.
Ye take 2 damage, an' haf 22/24 hp.
Tha orc attacks as it pursues ye!
Tha orc closely misses ye.
Ye see 'ere a scroll labelled COBRID YN RUXA.
Tha adder closely misses ye.
Tha orc misses ye.
Tha iguana attacks as it pursues ye!
Tha iguana closely misses ye.
Tha adder bites ye but does nay damage.
Tha orc hits ye but does nay damage.
Tha iguana attacks as it pursues ye!
Tha iguana closely misses ye.
Health restored: 24 Tha orc attacks as it pursues ye!
Tha orc hits ye wit' a +0 whip.
Ye take 3 damage, an' haf 21/24 hp.
A centaur comes inta view.
Tha orc seems ta regain its courage.
Corn'red, tha orc turns ta fight!
Tha centaur shouts!
Tha centaur wields a +0 shortbow.
Tha centaur shoots an arrow.
Tha arrow hits ye!
Ouch! Tha re'lly hurt!
Tha orc attacks as it pursues ye!
Tha orc hits ye wit' a +0 whip.
Tha centaur shoots an arrow.
Tha arrow closely misses ye.
Ye take 12 damage, an' haf 9/24 hp.
MASSIVE DAMAGE!!
Tha orc attacks as it pursues ye!
Tha orc closely misses ye.
Found a stone staircase leadin' up.
Tha centaur shoots an arrow.
Tha arrow hits ye.
* * * LOW HITPOINT WARNIN'
* * * Tha orc attacks as it pursues ye!
Tha orc hits ye wit' a +0 whip.
* * * LOW HITPOINT WARNIN'
* * * Tha centaur shoots an arrow.
Tha arrow hits ye!
Ye die...

*,..........# *,*######.#.# *,*
#.#.# *,* #.#.# *,* #S#l####
*,*######l#....##
*,##............#****
*,.c.....o#......,,,*
**##.####@#.{...#**,*
*********#,**#...#.o.## *,*
*,,,,,,,,{,,........## *,*
*,*******,{###...#### *,* *,*
*{,**##.##* ****,******
*,*******,,,,,...,****,,,,,,,,,,
*,*~~~~**,,,**#..,,,,,,***,*****
*,*~~~~**,,,**##<,,,,,,,,,,,,**
*,+~~~~+,,,,,,,*,,********,,,,**


You could see a centaur, 2 iguanas, an adder and an orc.

Vanquished Creatures
  An adder (D:5)
  2 ball pythons (D:4)
3 creatures vanquished.

Notes
Turn   | Place    | Note
-------+----------+-------------------------------------------
     0 | D:5      | ProzacElf the Formicid Delver began the quest for the Orb.
     0 | D:5      | Reached XP level 1. HP: 18/18 MP: 1/1
    38 | D:5      | Reached XP level 2. HP: 8/24 MP: 2/2
   171 | D:4      | Noticed an ogre
   200 | D:4      | Found Qecs's Armour Shop.
   216 | D:4      | Noticed a centaur
   219 | D:4      | Shot with an arrow by a centaur

Illustrated notes

Levels and vault maps discovered:
D:4:      layout_loops_ring, zin_treasury, kennysheep_little_box, serial_rivers,
          chequers_serial_rivers_small_a, chequers_serial_rivers_room_b,
          chequers_serial_rivers_micro_b, chequers_serial_rivers_room_b,
          chequers_serial_rivers_micro_b, serial_shops, nicolae_shop_peninsula,
          enter_ossuary_4
D:5:      lemuel_ice_spiral_2, layout_basic

Skill      XL: |  1 |
---------------+----+-----
Dodging        | 2 |  2.2
Fighting       | |  3.2
Maces & Flails | |  2.4
Stealth        | |  6.0

Action                     || total
---------------------------++-------
  Melee: Mace              ||    16
    Use: Scroll            ||     2
 Armour: Leather armour    ||    20
  Dodge: Dodged            ||    20

Action                     || total
---------------------------++-------
  Melee: Mace              ||    16
    Use: Scroll            ||     2
 Armour: Leather armour    ||    20
  Dodge: Dodged            ||    20

Levels and vault maps discovered:
D:4:      layout_loops_ring, zin_treasury, kennysheep_little_box, serial_rivers,
          chequers_serial_rivers_small_a, chequers_serial_rivers_room_b,
          chequers_serial_rivers_micro_b, chequers_serial_rivers_room_b,
          chequers_serial_rivers_micro_b, serial_shops, nicolae_shop_peninsula,
          enter_ossuary_4
D:5:      lemuel_ice_spiral_2, layout_basic
